 Dungeon Crawl Stone Soup version 0.31-a0-705-ga145531891 (webtiles) character file.

Game seed: 2571342699342885160

2754 Xavori the Covert (level 9, -1/62 HPs)
             Began as an Octopode Chaos Knight on Sept 10, 2023.
             Was a Plaything of Xom.
             Slain by a yak (12 damage)
             ... on level 7 of the Dungeon.
             The game lasted 00:08:49 (15015 turns).

Xavori the Covert (Octopode Chaos Knight)          Turns: 15015, Time: 00:08:50

Health: -1/62      AC:  1    Str:  8    XL:     9   Next: 68%
Magic:  9/9        EV: 21    Int: 21    God:    Xom [*.....]
Gold:   376        SH:  0    Dex: 18    Spells: 6/8 levels left

rFire   + . .        g - +1 dagger (venom)
rCold   . . .        (no shield)
rNeg    . . .        (helmet restricted)
rPois   .            o - amulet of regeneration
rElec   .            r - +5 ring of evasion
rCorr   .            t - ring of protection from fire
SInv    .            (no ring)
Will    .....        (no ring)
Stlth   ++++++       (no ring)
HPRegen 1.10/turn    (no ring)
MPRegen 0.11/turn    (no ring)
                     (no ring)

%: no passive effects
@: no status effects
A: almost no armour, amphibious, 8 rings, camouflage 1, gelatinous body 1,
(nimble swimmer 1), tentacles, antennae 1, tentacle spike 2, agile 1, clever 2,
mutation resistance 1, sense surroundings 1, wild magic 1
a: Renounce Religion


You were on level 7 of the Dungeon.
You worshipped Xom.
You were a special plaything of Xom.
You visited 1 branch of the dungeon, and saw 8 of its levels.

You collected 436 gold pieces.
You spent 60 gold pieces at shops.

Inventory:

Hand Weapons
 g - a +1 dagger of venom (weapon)
 u - a -1 quick blade
Missiles
 s - 2 throwing nets
Jewellery
 e - an amulet of faith
 m - a ring of ice
 o - an amulet of regeneration (around mantle)
 r - a +5 ring of evasion (left tentacle)
 t - a ring of protection from fire (right tentacle)
Wands
 c - a wand of flame (16)
 v - a wand of polymorph (11)
 z - a wand of charming (13)
 B - a wand of light (9)
Scrolls
 b - a scroll of butterflies
 d - 3 scrolls of blinking
 h - a scroll of revelation
 k - 3 scrolls of enchant armour
 n - 3 scrolls of teleportation
 y - a scroll of vulnerability
Potions
 a - 2 potions of magic
 f - a potion of might {unknown}
 i - a potion of berserk rage
 j - a potion of heal wounds
 l - a potion of haste
 p - a potion of lignification
 q - a potion of invisibility
 w - 2 potions of resistance
 x - 2 potions of curing {unknown}
 A - a potion of attraction {unknown}
 C - a potion of brilliance {unknown}


   Skills:
 + Level 5.7 Fighting
 + Level 7.2 Short Blades
 + Level 5.4 Dodging
 + Level 10.4 Stealth
 * Level 4.8 Evocations


You had 6 spell levels left.
You knew the following spells:

 Your Spells              Type           Power      Damage    Failure   Level
a - Blink                 Tloc           0%         N/A       34%         2

Your spell library contained the following spells:

 Spells                   Type           Power      Damage    Failure   Level
 Magic Dart               Conj           0%         1d3       26%         1
 Call Imp                 Summ           0%         N/A       34%         2
 Lesser Beckoning         Tloc           0%         N/A       34%         2
 Momentum Strike          Conj/Tloc      0%         3d8       34%         2
 Searing Ray              Conj           0%         2d4       34%         2
 Sublimation of Blood     Necr           0%         N/A       34%         2
 Wereblood                Tmut           0%         N/A       34%         2
 Gell's Gravitas          Tloc           0%         N/A       56%         3
 Mephitic Cloud           Conj/Pois/Air  0%         N/A       56%         3
 Teleport Other           Tloc           0%         N/A       56%         3
 Fulminant Prism          Conj/Hex       0%         3d5       91%         4
 Summon Hydra             Summ           0%         N/A       100%        7


Dungeon Overview and Level Annotations

Branches:
Dungeon (8/15)             Temple (0/1) D:7
   Lair: D:8-11

Altars:
Makhleb
Okawaru
Qazlal
Ru
Sif Muna
Trog
Wu Jian
Xom

Shops:
D:4 *


Innate Abilities, Weirdness & Mutations

You cannot wear most types of armour.
You are amphibious.
You can wear up to eight rings at the same time.
Your skin changes colour to match your surroundings (Stealth+).
Your rubbery body absorbs attacks. (AC +1, EV +1)
((You are camouflaged when in or above water. (Stealth+)))
You have tentacles for arms and can constrict up to eight enemies at once.
You have a pair of small antennae on your head.
One of your tentacles bears a nasty spike.
You are agile. (Dex +4, Str/Int -1)
Your mind is very acute. (Int +8, Str/Dex -2)
You are somewhat resistant to further mutation.
You passively map a small area around you.
Your spells are a little harder to cast, but a little more powerful.


Message History

The orc priest invokes the aid of Beogh against you.
Beogh smites you!
You hit the yak but do no damage.
The yak looks as sick as possible!
You pierce the yak, but do no damage.
The yak is almost dead.
The yak gores you!
* * * LOW HITPOINT WARNING * * *
You kill the yak!
There is a stone staircase leading up here.
You climb upwards.
There is a stone staircase leading down here.
You start resting. "Just a minor improvement..."
You are now a special plaything of Xom.
You climb downwards.
Your summoned allies are left behind.
The yak completely misses you. The yak gores you!
There is a stone staircase leading up here.
Unknown command.
Unknown command.
The yak barely misses you. x2
You climb upwards.
You hear Xom's avuncular chuckle.
Your butterfly evaporates and reforms as a quokka!
Your butterfly disappears in a puff of smoke!
Your butterfly degenerates into a cloud of primal chaos! x2
Your butterfly disappears in a puff of smoke! x6
There is a stone staircase leading down here.
You hit the yak.
The yak is lightly wounded.
Your quokka barely misses the yak.
The yak gores you!
You hit the yak.
The yak is poisoned.
You pierce the yak.
You squeeze the yak.
The yak is moderately wounded.
The yak misses you.
Your quokka bites the yak.
The yak gores you!
Unknown command.
Your quokka bites the yak but does no damage.
The yak gores you!
* * * LOW HITPOINT WARNING * * *
The yak gores you!
You die...
Xom howls with laughter!

######### #.......#
#.......#
#####.......#
#...........#
#####.###.......#
####..§....%<.......
#.>Y................
#.Y@..##.#.#.#......
#.§r..##.#.#.#..####
#.....##.#.#.#......
#§....##.#.#.##.#.##
########...#.##.####
#####.##.....
#####.....#######
#...).####.......
#.....# #.<.....


You could see 2 yaks and a friendly quokka (summoned).

Vanquished Creatures
  Grinder (D:6)
  2 yaks (D:8)
  A golden eye (D:5)
  A water moccasin (D:6)
  2 black bears
  3 ogres
  A centaur (D:7)
  A kobold brigand (D:7)
  A bullfrog (D:7)
  3 scorpions
  A wight (D:7)
  3 hounds
  An orc priest (D:6)
  Terence (D:2)
  3 iguanas
  5 orc wizards
  7 gnolls
  8 river rats (D:7)
  7 adders
  A shadow imp (D:8)
  A white imp (D:5)
  2 ufetubi (D:5)
  2 worms (D:2)
  4 dart slugs
  22 orcs
  7 endoplasms
  5 giant cockroaches
  10 goblins
  6 hobgoblins
  4 jackals
  12 quokkas
  3 ball pythons
  5 bats
  2 frilled lizards (D:1)
  16 kobolds
  17 rats
171 creatures vanquished.

Vanquished Creatures (collateral kills)
  An orc warrior (D:6)
  A black bear (D:6)
  A kobold brigand (D:6)
  A bullfrog (D:7)
  2 wights (D:7)
  A sleepcap (D:6)
  An orc (D:6)
  2 kobolds (D:6)
10 creatures vanquished.

Grand Total: 181 creatures vanquished

Notes
Turn   | Place    | Note
-------+----------+-------------------------------------------
     0 | D:1      | Xavori the Octopode Chaos Knight began the quest for the
                  | Orb.
     0 | D:1      | Reached XP level 1. HP: 16/16 MP: 1/1
   149 | D:1      | Reached XP level 2. HP: 17/21 MP: 2/2
   180 | D:1      | XOM: divination: detect creatures
   251 | D:1      | You fall into a shaft and drop 1 floor!
   251 | D:2      | Found a bloodstained altar of Trog.
   313 | D:1      | XOM: divination: detect items
   326 | D:1      | XOM: divination: detect creatures
   363 | D:1      | XOM: smoke on damage
   367 | D:1      | Reached skill level 1 in Stealth
   367 | D:1      | Reached XP level 3. HP: 25/26 MP: 3/3
   456 | D:1      | Found a faded altar of an unknown god.
  2384 | D:1      | XOM: give mutations
  2384 | D:1      | Gained mutation: You have hidden genetic defects. [Xom's
                  | mischief]
  2384 | D:1      | Gained mutation: Your magical capacity is low. (-10% MP)
                  | [Xom's mischief]
  2384 | D:1      | Gained mutation: You occasionally shout uncontrollably at
                  | your foes. [Xom's mischief]
  2384 | D:1      | Gained mutation: Your system is resistant to poisons.
                  | (rPois) [Xom's mischief]
  2741 | D:1      | XOM: scenery: create altars
  2795 | D:1      | XOM: give mutations
  2795 | D:1      | Gained mutation: You are agile. (Dex +4, Str/Int -1) [Xom's
                  | grace]
  2795 | D:1      | Gained mutation: Your mind is acute. (Int +4, Str/Dex -1)
                  | [Xom's grace]
  3426 | D:1      | XOM: scenery: create altars
  3446 | D:1      | XOM: divination: detect creatures
  3454 | D:1      | XOM: give mutations
  3454 | D:1      | Gained mutation: You are frail. (-10% HP) [Xom's mischief]
  3454 | D:1      | Gained mutation: You have a pair of small antennae on your
                  | head. [Xom's mischief]
  3454 | D:1      | Lost mutation: Your magical capacity is low. (-10% MP)
                  | [Xom's mischief]
  3454 | D:1      | Lost mutation: You occasionally shout uncontrollably at
                  | your foes. [Xom's mischief]
  3959 | D:1      | XOM: summons 1 hostile demon
  4562 | D:1      | XOM is BORED!
  4562 | D:1      | XOM: summons 2 hostile demons
  5358 | D:1      | XOM: noise
  5591 | D:1      | XOM: god gift: 16 gold pieces
  6017 | D:1      | XOM: noise
  6410 | D:1      | XOM: give mutations
  6410 | D:1      | Lost mutation: You are frail. (-10% HP) [Xom's mischief]
  6410 | D:1      | Gained mutation: You possess an exceptional clarity of
                  | mind. [Xom's mischief]
  6410 | D:1      | Gained mutation: One of your tentacles bears a spike.
                  | [Xom's mischief]
  6692 | D:1      | XOM: stat loss: -1 Dex (15/16)
  7146 | D:1      | XOM: give mutations
  7146 | D:1      | Lost mutation: You have hidden genetic defects. [Xom's
                  | mischief]
  7146 | D:1      | Gained mutation: You are somewhat resistant to further
                  | mutation. [Xom's mischief]
  7437 | D:1      | XOM: cloud trail
  7773 | D:1      | XOM: divination: detect items
  7946 | D:1      | XOM: cloud trail
  8941 | D:1      | XOM is BORED!
  8980 | D:1      | XOM: summons 2 hostile shadow creatures
  9084 | D:2      | XOM: noise
  9398 | D:1      | XOM: summons 2 hostile demons
  9442 | D:2      | XOM: give mutations
  9442 | D:2      | Lost mutation: You possess an exceptional clarity of mind.
                  | [Xom's mischief]
  9442 | D:2      | Lost mutation: Your system is resistant to poisons. (rPois)
                  | [Xom's mischief]
  9442 | D:2      | Lost mutation: You are somewhat resistant to further
                  | mutation. [Xom's mischief]
  9565 | D:2      | Reached skill level 2 in Stealth
  9567 | D:2      | Reached XP level 4. HP: 31/31 MP: 4/4
  9584 | D:2      | Identified the +0 pair of boots of Lust {rPois rC++}
  9639 | D:2      | XOM: stat loss: -1 Dex (15/16)
  9751 | D:2      | XOM: 1-stop teleportation journey
  9826 | D:2      | Noticed Terence
  9835 | D:2      | Killed Terence
  9836 | D:2      | Reached skill level 3 in Stealth
 10093 | D:2      | XOM: 6-stop teleportation journey
 10113 | D:2      | XOM: god gift: 31 gold pieces
 10235 | D:2      | XOM: give mutations
 10235 | D:2      | Gained mutation: You are somewhat resistant to further
                  | mutation. [Xom's grace]
 10235 | D:2      | Gained mutation: Your spells are a little harder to cast,
                  | but a little more powerful. [Xom's grace]
 10235 | D:2      | Gained mutation: One of your tentacles bears a nasty spike.
                  | [Xom's grace]
 10364 | D:3      | Reached XP level 5. HP: 36/36 MP: 5/5
 10368 | D:3      | Reached skill level 4 in Stealth
 10616 | D:3      | XOM: scenery: 1 doors close
 10743 | D:3      | XOM: god gift: fizzy cyan potion {god gift}
 10774 | D:3      | XOM: divination: detect items
 10886 | D:3      | XOM: god gift: 5 atropa-tipped darts
 10929 | D:3      | XOM: 3-stop teleportation journey
 10945 | D:3      | XOM: divination: detect items
 11297 | D:4      | Reached skill level 5 in Stealth
 11444 | D:4      | Found a bloodstained altar of Trog.
 11527 | D:4      | XOM: noise
 11528 | D:4      | XOM: confuse monster(s)
 11534 | D:4      | Reached XP level 6. HP: 43/43 MP: 6/6
 11701 | D:4      | Found Hatugur's Lightly-Used Armoury.
 11709 | D:4      | Bought a -2 quick blade for 60 gold pieces
 11824 | D:4      | Reached skill level 6 in Stealth
 11835 | D:4      | XOM: noise
 12202 | D:5      | Entered Level 5 of the Dungeon
 12234 | D:5      | Identified the +7 chain mail of Fortification {rCorr Dex+5}
 12366 | D:5      | Found an ornate altar of the Wu Jian Council.
 12451 | D:5      | XOM: god gift: scroll of enchant armour
 12549 | D:5      | XOM: god gift: scroll labelled BAALANUHEPU {god gift}
 12568 | D:5      | Found a sacrificial altar of Ru.
 12570 | D:5      | XOM: 1-stop teleportation journey
 12661 | D:5      | Noticed an acid dragon
 12669 | D:5      | an acid dragon changed into a golden eye
 12669 | D:5      | Noticed a golden eye
 12669 | D:5      | XOM: polymorph acid dragon -> golden eye
 12693 | D:5      | XOM: 3-stop teleportation journey
 12700 | D:5      | XOM: polymorph jackal -> iguana
 13073 | D:5      | Reached XP level 7. HP: 48/48 MP: 7/7
 13122 | D:5      | Reached skill level 7 in Stealth
 13153 | D:5      | XOM: summons 4 hostile demons
 13154 | D:5      | Noticed a chaos spawn
 13169 | D:5      | Killed a golden eye
 13170 | D:5      | Reached skill level 5 in Short Blades
 13352 | D:6      | XOM: give mutations
 13352 | D:6      | Gained mutation: You are somewhat resistant to both further
                  | mutation and mutation removal. [Xom's grace]
 13352 | D:6      | Gained mutation: Your flesh is heat resistant. (rF+) [Xom's
                  | grace]
 13352 | D:6      | Gained mutation: You passively map a small area around you.
                  | [Xom's grace]
 13352 | D:6      | Gained mutation: Your mind is very acute. (Int +8, Str/Dex
                  | -2) [Xom's grace]
 13388 | D:6      | Noticed Grinder
 13393 | D:6      | XOM: confusion
 13397 | D:6      | Paralysed by Grinder for 5 turns
 13404 | D:6      | XOM: divination: detect items
 13411 | D:6      | Killed Grinder
 13412 | D:6      | Reached skill level 8 in Stealth
 13412 | D:6      | Reached skill level 1 in Evocations
 13412 | D:6      | Reached XP level 8. HP: 33/54 MP: 8/8
 13511 | D:6      | XOM: silly message
 13563 | D:6      | XOM: silly message
 13688 | D:6      | XOM: cast spell 'Summon Ice Beast'
 13690 | D:6      | Reached skill level 5 in Fighting
 13690 | D:6      | Reached skill level 9 in Stealth
 13813 | D:6      | XOM: give mutations
 13813 | D:6      | Lost mutation: You are somewhat resistant to both further
                  | mutation and mutation removal. [Xom's mischief]
 13813 | D:6      | Lost mutation: Your flesh is heat resistant. (rF+) [Xom's
                  | mischief]
 13856 | D:6      | Found a burning altar of Makhleb.
 13856 | D:6      | Noticed a blizzard demon
 13927 | D:6      | Found an iron altar of Okawaru.
 13927 | D:6      | Found a stormy altar of Qazlal.
 14028 | D:7      | XOM: scenery: create altars
 14060 | D:7      | Reached XP level 9. HP: 61/61 MP: 9/9
 14088 | D:7      | Found a shimmering blue altar of Sif Muna.
 14155 | D:7      | Found a staircase to the Ecumenical Temple.
 14228 | D:7      | XOM: silly message
 14274 | D:7      | XOM: potion effect (haste)
 14278 | D:7      | XOM: silly message
 14319 | D:7      | XOM: god gift: leather armour {god gift}
 14348 | D:7      | XOM: noise
 14431 | D:7      | XOM: noise
 14434 | D:7      | Reached skill level 10 in Stealth
 14592 | D:7      | Reached skill level 5 in Dodging
 14595 | D:7      | Learned a level 2 spell: Blink
 15008 | D:7      | XOM: scenery: summon butterflies
 15012 | D:7      | XOM: polymorph butterfly -> quokka
 15015 | D:7      | Slain by a yak

Illustrated notes

Levels and vault maps discovered:
D:1:      dpeg_arrival_chambers_temple_mockup, layout_basic,
          dreamdust_ecumenical_altar_statues
D:2:      layout_basic, basic_altar, solitary_fountain, uniq_terence
D:3:      layout_loops_corners
D:4:      layout_loops_corners, kennysheep_little_box, minmay_shop_damaged
D:5:      layout_loops_corners, marbit_many_paths,
          nicolae_ru_the_path_less_chosen
D:6:      layout_rooms, makhleb_altar_promises_db,
          gammafunk_temple_overflow_pools, uniq_grinder
D:7:      lemuel_ratsnest, layout_basic, old_standard_altar,
          minmay_temple_entry_statues
D:8:      layout_basic, lair_entry_dummy, biasface_ghost_orc_armoury

Skill      XL: |  1  2  3  4  5  6  7  8  9 |
---------------+----------------------------+-----
Stealth        | 1 2 3 5 6 8 9 10 | 10.4
Short Blades   | 4 5 6 7 |  7.2
Dodging        | 3 4 5 |  5.4
Fighting       | 4 5 |  5.7
Evocations     | 1 3 4 |  4.8

Action                     |  1- 3 |  4- 6 |  7- 9 || total
---------------------------+-------+-------+-------++-------
  Melee: Short sword       |    30 |       |       ||    30
         Constrict         |    19 |    28 |    53 ||   100
         Tentacles         |     9 |    25 |    73 ||   107
         Dagger            |    33 |   149 |   249 ||   431
         Punch             |     2 |     1 |     9 ||    12
         Kick              |     5 |    60 |   109 ||   174
  Evoke: Wand              |       |       |     1 ||     1
    Use: Scroll            |       |     8 |     3 ||    11
         Potion            |       |     1 |     4 ||     5
   Stab: Sleeping          |     6 |    21 |     5 ||    32
         Distracted        |     1 |     1 |     1 ||     3
         Confused          |       |     1 |       ||     1
         Petrified         |       |       |     1 ||     1
 Armour: Skin              |    14 |    50 |    58 ||   122
  Dodge: Dodged            |    24 |   100 |   172 ||   296

Table legend: (Time is in decaauts)
 A = Elapsed time spent in this place.
 B = Non-inter-level travel time spent in this place.
 C = Inter-level travel time spent in this place.
 D = Time resting spent in this place.
 E = Time spent auto-exploring this place.
 F = Levels seen in this place.
 G = Mean time per level.
                   A        B        C        D        E       F      G
               +--------+--------+--------+--------+--------+-----+--------+
         Total |  14875 |  14712 |    163 |   8969 |   4584 |   8 | 1859.4 |
       Dungeon |  14875 |  14712 |    163 |   8969 |   4584 |   8 | 1859.4 |
               +--------+--------+--------+--------+--------+-----+--------+

Top non-repeatable levels by time:
     D:1: 8748 daAuts
     D:2: 1562 daAuts
     D:5: 1118 daAuts
     D:3: 948 daAuts
     D:4: 913 daAuts
     D:7: 883 daAuts
     D:6: 617 daAuts
     D:8: 82 daAuts
